 Dungeon Crawl Stone Soup version 0.27-a0-1565-gad902ab807 (webtiles) character file.

Game seed: 18333097795641675137

9 Leszczynek the Chopper (level 2, -1/22 HPs)
             Began as a Human Gladiator on July 16, 2021.
             Slain by Natasha (4 damage)
             ... on level 2 of the Dungeon.
             The game lasted 00:01:49 (193 turns).

Leszczynek the Chopper (Human Gladiator)             Turns: 193, Time: 00:01:49

Health: -1/22      AC:  6    Str: 20    XL:     2   Next: 25%
Magic:  2/2        EV: 12    Int:  8    God:
Gold:   24         SH:  0    Dex: 14    Spells: 1/1 levels left

rFire    . . .     SeeInvis .   a - +0 war axe
rCold    . . .     Faith    .   (no shield)
rNeg     . . .     Spirit   .   i - +0 ring mail
rPois    .         Reflect  .   c - +0 helmet
rElec    .         Harm     .   (no cloak)
rCorr    .         Rampage  .   (no gloves)
Will     .....     Rnd*Rage +   (no boots)
Stlth    +.........             (no amulet)
HPRegen  0.07/turn              j - +6 ring of strength
MPRegen  0.08/turn              (no ring)

@: attractive, slowed, very slow
A: berserk 1
a: no special abilities


You were on level 2 of the Dungeon.
You visited 1 branch of the dungeon, and saw 3 of its levels.

You collected 24 gold pieces.

Inventory:

Hand Weapons
 a - a +0 war axe (weapon)
Missiles
 d - 3 throwing nets (quivered)
Armour
 b - a +0 leather armour
 c - a +0 helmet (worn)
 i - a +0 ring mail (worn)
Jewellery
 j - a +6 ring of strength (left hand)
Wands
 m - a wand of digging (5)
Scrolls
 e - a scroll of teleportation {unknown}
 g - a scroll of enchant weapon {unknown}
 k - a scroll of fear {unknown}
 l - a scroll of amnesia {unknown}


   Skills:
 - Level 2.0 Fighting
 + Level 3.6 Axes
 - Level 2.0 Throwing
 - Level 3.0 Dodging


You had one spell level left.
You didn't know any spells.
Your spell library was empty.

Dungeon Overview and Level Annotations

Branches:
Dungeon (3/15)

Altars:
Vehumet

Annotations:
D:2 Natasha


Innate Abilities, Weirdness & Mutations

You tend to lose your temper in combat.


Message History

You hit Natasha.
Natasha is moderately wounded.
You hit the ball python but do no damage.
The ball python barely misses you. The ball python grabs you.
The ball python constricts you.
Natasha mewls in sadness.
Natasha claws you! The ball python barely misses you.
The ball python constricts you.
Natasha stares at you and mumbles some strange words.
You feel as though you will be slow longer.
The ball python bites you. The ball python constricts you.
Unknown command.
It was a potion of attraction.
You feel attractive to monsters. The quokka closely misses you.
Natasha closely misses you. The ball python bites you.
* * * LOW HITPOINT WARNING * * *
The ball python constricts you.
The quokka bites you but does no damage.
Natasha barely misses you.
It was a potion of mutation.
You feel extremely strange.
You feel a little pissed off. The ball python closely misses you.
* * * LOW HITPOINT WARNING * * *
The ball python constricts you.
The quokka bites you but does no damage.
The ball python closely misses you. The ball python constricts you.
Natasha barely misses you. The quokka bites you.
* * * LOW HITPOINT WARNING * * *
Unknown command.
Unknown command.
You hit Natasha.
Natasha is heavily wounded.
You slash the ball python!
You kill the ball python!
You hit the quokka. The quokka barely misses you. Natasha casts a spell at you.
You resist with significant effort. The quokka completely misses you.
Natasha claws you.
You die...

.# ....#
..#####+#....##.
.............'.
.............##.
................
................
.......†........
#.#.....@h......
#(.####+#r#..... #.
#.#.# ... #.# #.#.# +
#.. #.#.#
#######.###.#.#
#.............#
#.######.##.### #.#
#.##...#####.##.....#.


You could see Natasha and a quokka.

Vanquished Creatures
  A ball python (D:2)
  A bat (D:2)
  A giant cockroach (D:1)
  A hobgoblin (D:1)
  3 jackals (D:1)
  A quokka (D:1)
8 creatures vanquished.

Notes
Turn   | Place    | Note
-------+----------+-------------------------------------------
     0 | D:1      | Leszczynek the Human Gladiator began the quest for the Orb.
     0 | D:1      | Reached XP level 1. HP: 16/16 MP: 1/1
    36 | D:1      | Found a faded altar of an unknown god.
    73 | D:1      | Reached XP level 2. HP: 22/22 MP: 2/2
   151 | D:3      | Found a radiant altar of Vehumet.
   187 | D:2      | Noticed Natasha
   192 | D:2      | Gained mutation: You tend to lose your temper in combat.
                  | [potion of mutation]
   192 | D:2      | HP: 4/22 [ball python (1)]
   193 | D:2      | Slain by Natasha

Illustrated notes

Levels and vault maps discovered:
D:1:      roderic_crossed_star, layout_rooms,
          ebering_ecumenical_altar_sacrificial
D:2:      layout_basic, serial_shops, shop, chequers_serial_rivers_micro_d,
          uniq_natasha
D:3:      layout_loops_ring, vehumet_altar_wand_db,
          nicolae_hepliaklqana_monster_ancestors

Action                   || total
-------------------------++-------
Melee: War axe           ||    16
  Use: Potion            ||     2
Armor: Leather armour    ||     2
       Ring mail         ||     5
Dodge: Dodged            ||    22

Table legend: (Time is in decaauts)
 A = Elapsed time spent in this place.
 B = Non-inter-level travel time spent in this place.
 C = Inter-level travel time spent in this place.
 D = Time resting spent in this place.
 E = Time spent auto-exploring this place.
 F = Levels seen in this place.
 G = Mean time per level.
                   A        B        C        D        E       F      G
               +--------+--------+--------+--------+--------+-----+--------+
         Total |    199 |    199 |      0 |      0 |      0 |   3 |   66.3 |
       Dungeon |    199 |    199 |      0 |      0 |      0 |   3 |   66.3 |
               +--------+--------+--------+--------+--------+-----+--------+

Top non-repeatable levels by time:
     D:1: 111 daAuts
     D:2: 85 daAuts
     D:3: 2 daAuts
